 Dungeon Crawl Stone Soup version 0.18.1-1-g2f07953 (webtiles) character file.

1100 Raurakos the Basher (level 8, -7/63 HPs)
             Began as a Minotaur Hunter on May 7, 2016.
             Mangled by a decayed bog body (19 damage)
             ... in an ossuary.
             The game lasted 00:16:14 (3518 turns).

Raurakos the Basher (Minotaur Hunter)               Turns: 3518, Time: 00:16:15

Health: -7/63      AC:  8    Str: 23    XL:     8   Next: 10%
Magic:  7/7        EV:  8    Int:  8    God:
Gold:   0          SH:  0    Dex: 12    Spells: 0 memorised, 7 levels left

rFire  . . .     SeeInvis .     a - +0 mace
rCold  . . .     Gourm    .     k - +0 chain mail
rNeg   . . .     Faith    .     (no shield)
rPois  +         Spirit   .     (helmet restricted)
rElec  .         Dismiss  .     (no cloak)
rCorr  .         Reflect  .     (no gloves)
SustAt +         Harm     .     (no boots)
MR     .....                    (no amulet)
Stlth  ..........               b - ring of poison resistance
                                h - ring of sustain attributes

@: mighty, not resistant to hostile enchantments, extremely unstealthy
A: retaliatory headbutt, horns 2
a: no special abilities


You were in an ossuary.
You were not hungry.

You visited 1 branch of the dungeon, and saw 5 of its levels.
You also visited: Ossuary.

You collected 186 gold pieces.
You spent 186 gold pieces at shops.

Inventory:

Hand Weapons
 a - a +0 mace (weapon)
Missiles
 c - 5 javelins (quivered)
 d - 2 throwing nets
 v - 13 poisoned needles
Armour
 k - a +0 chain mail (worn)
 r - a +2 leather armour of fire resistance
Jewellery
 b - a ring of poison resistance (right hand)
 h - a ring of sustain attributes (left hand)
Scrolls
 g - a scroll of enchant weapon {unknown}
 i - a scroll of random uselessness {unknown}
 l - 5 scrolls of amnesia {unknown}
 m - a scroll of fear {unknown}
 n - a scroll of recharging {unknown}
 o - 3 scrolls of teleportation {unknown}
 q - 2 scrolls of remove curse
 u - a scroll of immolation {unknown}
 w - a scroll of enchant armour {unknown}
Potions
 s - a potion of might
 t - a potion of agility
 x - 3 potions of curing
Comestibles
 f - 3 bread rations
 j - 2 meat rations


   Skills:
 - Level 3.1 Fighting
 + Level 11.0 Maces & Flails
 - Level 4.0 Throwing
 - Level 2.1 Dodging
 - Level 0.7 Stealth


You had 7 spell levels left.
You didn't know any spells.

Dungeon Overview and Level Annotations

Branches:
Dungeon (5/15)
 Temple: D:4-7

Altars:
Fedhas
Kikubaaqudgha
Pakellas
Sif Muna

Shops:
D:5 !!*=

Annotations:
D:3 exclusion: oklob plant
D:4 Charly's ghost, weakling GrSk


Innate Abilities, Weirdness & Mutations

You reflexively headbutt those who attack you in melee.
You have a pair of horns on your head.


Message History

A worker ant zombie comes into view.
You swing at nothing.
You thump the worker ant zombie! You headbutt the worker ant zombie.
You sock the decayed bog body!
The decayed bog body is severely damaged.
Your chain mail prevents you from hitting the decayed bog body.
The decayed bog body is severely damaged.
The decayed bog body hits you!
* * * LOW HITPOINT WARNING * * *
The decayed bog body barely misses you.
Drink which item? (? for menu, Esc to quit)
You feel much better. The decayed bog body hits you!
* * * LOW HITPOINT WARNING * * *
The decayed bog body touches you but does no damage.
Your chain mail prevents you from hitting the decayed bog body.
The decayed bog body is severely damaged.
You barely miss the decayed bog body.
The decayed bog body is severely damaged.
The decayed bog body hits you!!
You die...

##### #..∩#
#.∩.# #@..# #
≈≈#≈##n##'##'##
#.≈n≈≈..≈.n≈M≈.
≈≈##'#.≈.#'#≈Z≈#
# #.≈.# # #
#####


You could see a decayed bog body.

Vanquished Creatures
  2 phantoms (D:5)
  The ghost of oplop the Changer, an amateur OpTm (D:3)
  An elf skeleton (D:5)
  A scorpion (D:5)
  A vampire bat (D:3)
  4 bog bodies (Ossuary)
  A crimson imp (D:4)
  2 giant frog zombies
  An orc priest (D:3)
  A human zombie (D:5)
  An orc wizard (D:3)
  A human skeleton (D:5)
  2 hounds
  Jessica (D:2)
  A hound zombie (Ossuary)
  5 mummies (Ossuary)
  2 worker ant zombies (Ossuary)
  7 adders
  An ooze (D:1)
  3 worms
  A dart slug (D:3)
  A giant gecko (D:3)
  7 orcs (D:3)
  8 bats
  A bat skeleton (D:3)
  3 bat zombies (D:3)
  5 giant cockroaches
  3 goblins
  5 hobgoblins
  4 jackals (D:5)
  A giant gecko zombie (Ossuary)
  5 giant newts
  9 kobolds
  An orc skeleton (D:5)
  9 rats
102 creatures vanquished.

Vanquished Creatures (others)
  11 toadstools (D:3)
11 creatures vanquished.

Grand Total: 113 creatures vanquished

Notes
Turn   | Place    | Note
--------------------------------------------------------------
     0 | D:1      | Raurakos the Minotaur Hunter began the quest for the Orb.
     0 | D:1      | Reached XP level 1. HP: 18/18 MP: 0/0
   196 | D:1      | Reached skill level 1 in Maces & Flails
   196 | D:1      | Reached XP level 2. HP: 21/26 MP: 1/1
   455 | D:1      | Reached skill level 2 in Maces & Flails
   715 | D:2      | Reached XP level 3. HP: 21/31 MP: 2/2
   737 | D:2      | Noticed Jessica
   739 | D:2      | Killed Jessica
   739 | D:2      | Reached skill level 3 in Maces & Flails
   823 | D:2      | Reached XP level 4. HP: 23/38 MP: 3/3
   865 | D:2      | Reached skill level 4 in Maces & Flails
  1310 | D:3      | Noticed oplop's ghost (amateur OpTm)
  1365 | D:3      | Killed oplop's ghost
  1365 | D:3      | Reached skill level 5 in Maces & Flails
  1365 | D:3      | Reached XP level 5. HP: 39/45 MP: 4/4
  1527 | D:3      | Found a blossoming altar of Fedhas.
  1542 | D:3      | Noticed an oklob plant
  1651 | D:3      | Reached skill level 6 in Maces & Flails
  2193 | D:3      | Found an ancient bone altar of Kikubaaqudgha.
  2214 | D:3      | Reached skill level 7 in Maces & Flails
  2214 | D:3      | Reached XP level 6. HP: 50/51 MP: 5/5
  2612 | D:4      | Noticed Charly's ghost (weakling GrSk)
  2850 | D:4      | Found a deep blue altar of Sif Muna.
  2903 | D:4      | Found an oddly glowing altar of Pakellas.
  3037 | D:5      | Entered Level 5 of the Dungeon
  3037 | D:5      | Found Hamn's Jewellery Boutique.
  3048 | D:5      | Reached skill level 8 in Maces & Flails
  3101 | D:5      | Found Govujit's Distillery.
  3104 | D:5      | Bought a potion of agility for 60 gold pieces
  3104 | D:5      | Bought a potion of might for 60 gold pieces
  3135 | D:5      | Found Oclunol's Distillery.
  3146 | D:5      | Reached XP level 7. HP: 52/57 MP: 6/6
  3150 | D:5      | Bought a potion of curing for 33 gold pieces
  3150 | D:5      | Bought a potion of curing for 33 gold pieces
  3158 | D:5      | Found Huesar Fymeu's Assorted Antiques.
  3245 | D:5      | Reached skill level 9 in Maces & Flails
  3303 | D:5      | Reached skill level 10 in Maces & Flails
  3311 | D:5      | Found a sand-covered staircase.
  3321 | Ossuary  | Entered an ossuary
  3486 | Ossuary  | Reached XP level 8. HP: 36/63 MP: 7/7
  3507 | Ossuary  | Reached skill level 11 in Maces & Flails
  3518 | Ossuary  | Mangled by a decayed bog body

Skill      XL: |  1  2  3  4  5  6  7  8 |
---------------+-------------------------+-----
Fighting       | 3 |  3.1
Maces & Flails | 1 2 3 5 7 8 10 11 | 11.0
Throwing       | |  4.0
Dodging        | |  2.1
Stealth        | |  0.7

Action                   |  1- 3 |  4- 6 |  7- 9 || total
-------------------------+-------+-------+-------++-------
Melee: Short sword       |    56 |       |       ||    56
       Headbutt          |     9 |    28 |    23 ||    60
       Mace              |    20 |   168 |   101 ||   289
Throw: Javelin           |     1 |     6 |     8 ||    15
  Use: Scroll            |       |     4 |       ||     4
       Potion            |       |       |     2 ||     2
  Eat: Chunk             |       |     7 |       ||     7
       Beef jerky        |       |       |     2 ||     2
Armor: Leather armour    |    18 |    10 |       ||    28
       Chain mail        |       |    57 |    30 ||    87
       Ring mail         |       |    17 |       ||    17
Dodge: Dodged            |    57 |    85 |    21 ||   163
